 Dungeon Crawl Stone Soup version 0.25-a0-589-g1e14c54 (webtiles) character file.

Game seed: 7082262906730781291, levelgen mode: deterministic

151 BlueFish the Skirmisher (level 5, -10/47 HPs)
             Began as a Minotaur Fighter on Mar 11, 2020.
             Splashed by an orc's acid (11 damage)
             ... on level 3 of the Dungeon.
             The game lasted 00:03:15 (1522 turns).

BlueFish the Skirmisher (Minotaur Fighter)          Turns: 1522, Time: 00:03:16

Health: -10/47     AC:  5    Str: 20    XL:     5   Next: 11%
Magic:  4/4        EV: 10    Int:  5    God:
Gold:   111        SH:  6    Dex: 11    Spells: 4/4 levels left

rFire    . . .     SeeInvis .   a - +0 long sword
rCold    . . .     Gourm    .   o - +2 buckler
rNeg     + . .     Faith    .   t - +0 ring mail
rPois    .         Spirit   .   (helmet restricted)
rElec    .         Reflect  .   (no cloak)
rCorr    .         Harm     .   l - +2 pair of gloves
MR       .....                  (no boots)
Stlth    ..........             (no amulet)
HPRegen  0.15/turn              g - ring of attention (curse)
MPRegen  0.09/turn              i - ring of positive energy

@: corroded
A: retaliatory headbutt, horns 2
a: no special abilities


You were on level 3 of the Dungeon.
You were not hungry.

You visited 1 branch of the dungeon, and saw 3 of its levels.

You collected 111 gold pieces.

Inventory:

Hand Weapons
 a - a +0 long sword (weapon)
Armour
 c - a +0 kite shield
 l - a +2 pair of gloves (worn)
 o - a +2 buckler (worn)
 t - a +0 ring mail (worn)
Jewellery
 g - a cursed ring of attention (left hand)
 i - a ring of positive energy (right hand)
 p - an uncursed ring of see invisible {unknown}
 r - an uncursed ring of positive energy
Potions
 d - a potion of might
 e - a potion of mutation
 j - 2 potions of curing
 k - a potion of lignification
 n - 3 potions of resistance {unknown}
 q - a potion of heal wounds {unknown}
 s - a potion of brilliance {unknown}
Comestibles
 f - 6 rations
 h - 5 chunks of flesh


   Skills:
 * Level 4.8 Fighting
 * Level 4.5 Long Blades
 * Level 4.4 Armour
 + Level 0.6 Dodging
 * Level 4.0 Shields


You had 4 spell levels left.
You didn't know any spells.
Your spell library was empty.

Dungeon Overview and Level Annotations

Branches:
Dungeon (3/15)

Altars:


Innate Abilities, Weirdness & Mutations

You reflexively headbutt those who attack you in melee.
You have a pair of horns on your head.


Message History

You feel less confused. The hound bites you but does no damage.
The orc hits you but does no damage. The hound barely misses you.
You riposte.
You barely miss the hound. Your headbutt misses the hound.
The hound is heavily wounded.
You hit the hound. Your headbutt misses the hound.
The hound is severely wounded.
The orc hits you with a +0 hand axe. The orc hits you but does no damage.
The hound bites you but does no damage.
A frilled lizard comes into view.
The hound barely misses you.
The frilled lizard hisses angrily.
You slash the hound!
You kill the hound!
You have reached level 5!
The orc hits you with a +0 hand axe.
The orc zaps a wand.
The bolt of acid hits you!!
* * * LOW HITPOINT WARNING * * *
You are splashed with acid!
You die...

..........
.......l......#
...#...........##
................#
........##.......#
........##.......#.
...................
....##.....o.o#
............@.#...
....................
........#####.......
........# ###..+####
........###....#
.....).........#
...............#
...................#
..........#####....#


You could see 2 orcs and a frilled lizard.

Vanquished Creatures
  A hound (D:3)
  Natasha (D:2)
  2 adders (D:2)
  3 gnolls (D:2)
  2 worms (D:2)
  2 dart slugs
  A leopard gecko (D:2)
  4 giant cockroaches
  2 jackals (D:1)
  7 bats
  2 frilled lizards
  4 goblins
  9 kobolds
  4 rats
44 creatures vanquished.

Notes
Turn   | Place    | Note
-------+----------+-------------------------------------------
     0 | D:1      | BlueFish the Minotaur Fighter began the quest for the Orb.
     0 | D:1      | Reached XP level 1. HP: 19/19 MP: 0/0
   297 | D:1      | Reached XP level 2. HP: 27/27 MP: 1/1
   912 | D:2      | Noticed Natasha
   920 | D:2      | Killed Natasha
   920 | D:2      | Reached XP level 3. HP: 18/34 MP: 2/2
  1087 | D:2      | Reached XP level 4. HP: 41/41 MP: 3/3
  1522 | D:3      | Reached XP level 5. HP: 22/47 MP: 4/4
  1522 | D:3      | HP: 1/47 [orc/bolt of acid (18)]
  1522 | D:3      | Splashed by an orc's acid

Levels and vault maps discovered:
D:1:      lightli_arrival_statue_moat, layout_basic
D:2:      layout_basic, first_ration, uniq_natasha
D:3:      kennysheep_big_flooded_room, layout_basic, zin_academy,
          nicolae_ru_great_annihilating_truth

Skill      XL: |  1  2  3  4 |
---------------+-------------+-----
Fighting       | 4 |  4.8
Long Blades    | 3 4 |  4.5
Armour         | 4 |  4.4
Shields        | 4 |  4.0
Dodging        | |  0.6

Action                   |  1- 3 |  4- 6 || total
-------------------------+-------+-------++-------
Melee: Long sword        |    62 |    34 ||    96
       Headbutt          |     9 |     3 ||    12
  Use: Scroll            |     6 |     1 ||     7
       Potion            |       |     1 ||     1
  Eat: Chunk             |     1 |     1 ||     2
Armor: Scale mail        |    37 |     8 ||    45
       Ring mail         |       |     5 ||     5
Dodge: Dodged            |    39 |    18 ||    57
Block: Buckler           |     8 |    16 ||    24
       Rpst.: Long sword |     9 |     2 ||    11

Table legend:
 A = Non-vault XP
 B = Vault XP
 C = Vault XP percentage of total XP
 D = Non-vault monster count
 E = Vault monster count
 F = Vault count percentage of total count
                 A         B        C        D         E       F
            +---------+---------+-------+---------+---------+-------
      Total |     182 |      35 |  16.1 |      43 |       1 |   2.3
            +---------+---------+-------+---------+---------+-------
        D:1 |      27 |       0 |   0.0 |      16 |       0 |   0.0
        D:2 |     101 |      35 |  25.7 |      19 |       1 |   5.0
        D:3 |      54 |       0 |   0.0 |       8 |       0 |   0.0
            +---------+---------+-------+---------+---------+-------
